 Dungeon Crawl Stone Soup version 0.18.1-48-g4cf74bf (webtiles) character file.

385 Heedrag the Conjurer (level 6, -1/32 HPs)
             Began as a Deep Elf Conjurer on July 29, 2016.
             Slain by an orc (4 damage)
             ... on level 5 of the Dungeon.
             The game lasted 00:07:46 (3598 turns).

Heedrag the Conjurer (Deep Elf Conjurer)            Turns: 3598, Time: 00:07:47

Health: -1/32      AC:  3    Str:  7    XL:     6   Next: 48%
Magic:  8/16       EV:  8    Int: 30    God:
Gold:   191        SH:  0    Dex: 15    Spells: 4 memorised, 2 levels left

rFire  . . .     SeeInvis .     E - +0 rapier (curse)
rCold  . . .     Gourm    .     a - +0 robe
rNeg   . . .     Faith    .     (no shield)
rPois  .         Spirit   .     (no helmet)
rElec  .         Dismiss  .     B - +0 cloak
rCorr  .         Reflect  .     (no gloves)
SustAt .         Harm     .     (no boots)
MR     .....                    w - amulet of rage
Stlth  ++........               D - +5 ring of intelligence (curse)
                                o - +5 ring of intelligence

@: not resistant to hostile enchantments, unstealthy
A: no striking features
a: Evoke Berserk Rage


You were on level 5 of the Dungeon.
You were not hungry.

You visited 1 branch of the dungeon, and saw 5 of its levels.

You collected 191 gold pieces.

Inventory:

Hand Weapons
 q - a +1 short sword of speed
 E - a cursed +0 rapier (weapon)
Armour
 a - a +0 robe (worn)
 B - a +0 cloak (worn)
Jewellery
 o - a +5 ring of intelligence (left hand)
 w - an amulet of rage (around neck)
 x - an uncursed ring of poison resistance
 D - a cursed +5 ring of intelligence (right hand)
Scrolls
 f - a scroll of fog {unknown}
 g - a scroll of remove curse {unknown}
 h - 2 scrolls of identify {unknown}
 j - a scroll of teleportation {unknown}
 l - 2 scrolls of noise {unknown}
 m - a scroll of amnesia {unknown}
 u - 2 scrolls of random uselessness {unknown}
 v - 2 scrolls of recharging {unknown}
Potions
 d - a potion of flight {unknown}
 e - a potion of mutation {unknown}
 k - 2 potions of lignification {unknown}
 n - 3 potions of curing {unknown}
 p - a potion of haste {unknown}
 r - a potion of berserk rage {unknown}
 s - a potion of heal wounds {unknown}
 t - a potion of might {unknown}
 z - a potion of cancellation {unknown}
 A - a potion of degeneration {unknown}
 C - a potion of magic {unknown}
Books
 b - a book of Conjurations

   Spells                             Type                      Level
   a - Magic Dart                     Conjuration                  1
   b - Searing Ray                    Conjuration                  2
   c - Dazzling Spray                 Conjuration/Hexes            3
   d - Fulminant Prism                Conjuration/Hexes            4
   e - Iskenderun's Mystic Blast      Conjuration                  4
   f - Iskenderun's Battlesphere      Conjuration/Charms           5
 y - a book of Misfortune

   Spells                             Type                      Level
   a - Confusing Touch                Hexes                        2
   b - Confuse                        Hexes                        3
   c - Gell's Gravitas                Hexes/Translocation          3
   d - Petrify                        Transmutation/Earth          4
   e - Metabolic Englaciation         Hexes/Ice                    5
   f - Yara's Violent Unravelling     Hexes/Transmutation          5
Comestibles
 c - 4 bread rations


   Skills:
 - Level 2.4 Dodging
 - Level 2.4 Stealth
 + Level 5.3 Spellcasting
 * Level 7.4 Conjurations
 + Level 2.4 Charms


You had 2 spell levels left.
You knew the following spells:

 Your Spells              Type           Power        Failure   Level  Hunger
a - Magic Dart            Conj           ####         1%          1    None
b - Dazzling Spray        Conj/Hex       ####..       3%          3    None
c - Iskenderun's Mystic   Conj           ######..     2%          4    ###....
d - Iskenderun's Battles  Conj/Chrm      #####...     24%         5    #####..


Dungeon Overview and Level Annotations

Branches:
Dungeon (5/15)
 Temple: D:4-7

Altars:
Pakellas


Message History

Confirm wit' . or Enter, or press ? or * ta list all spells.
Aimin': Magic Dart
Press: ? - help, Shift-Dir - straight line, f/p - orc priest
Aim: an orc priest, wieldin' a flail an' wearin' a rin' mail (heavily wounded) Tha magic dart hits tha orc priest.
Tha orc priest be heavily wounded.
Tha orc priest hits ye wit' a flail.
Castin': Magic Dart Confirm wit' . or Enter, or press ? or * ta list all spells.
Aimin': Magic Dart
Press: ? - help, Shift-Dir - straight line, f/p - orc priest
Aim: an orc priest, wieldin' a flail an' wearin' a rin' mail (heavily wounded) Tha magic dart hits tha orc priest.
Tha orc priest be heavily wounded.
Tha orc priest calls down tha wrath o' Beogh upon ye.
Beogh smites ye!
Tha orc hits ye.
Tha orc priest hits ye wit' a flail!
* * * LOW HITPOINT WARNIN'
* * * Tha orc hits ye.
Ye die...

. ...... .
#..... ...[.. #
......### ..
.(....... ...
........### ....
......?...#.....
.........oo.....
........@o#.....
..........# ...
.....###### .
..... .... ...
...


You could see an orc priest and 2 orcs.

Vanquished Creatures
  An ogre (D:3)
  A crimson imp (D:5)
  A jelly (D:4)
  A giant frog skeleton (D:4)
  A centaur skeleton (D:4)
  An iguana (D:4)
  A worker ant (D:3)
  3 adders
  A worm (D:2)
  10 dart slugs
  A giant gecko (D:2)
  10 orcs (D:3)
  6 giant cockroaches (D:1)
  4 goblins
  9 hobgoblins
  4 jackals (D:2)
  8 kobolds
  A quokka (D:3)
  A ball python (D:3)
  7 bats
  2 giant newts (D:3)
  9 rats
83 creatures vanquished.

Notes
Turn   | Place    | Note
--------------------------------------------------------------
     0 | D:1      | Heedrag the Deep Elf Conjurer began the quest for the Orb.
     0 | D:1      | Reached XP level 1. HP: 10/10 MP: 6/6
   145 | D:1      | Reached XP level 2. HP: 15/15 MP: 2/8
   391 | D:1      | Reached skill level 5 in Conjurations
   784 | D:1      | Reached XP level 3. HP: 19/19 MP: 0/10
   789 | D:1      | Learned a level 3 spell: Dazzling Spray
  1316 | D:2      | Found an oddly glowing altar of Pakellas.
  1859 | D:3      | Reached XP level 4. HP: 24/24 MP: 7/11
  1944 | D:3      | Learned a level 4 spell: Iskenderun's Mystic Blast
  2057 | D:3      | Reached skill level 6 in Conjurations
  2126 | D:3      | Found a faded altar to an unknown god.
  2487 | D:3      | Noticed an ogre
  2492 | D:3      | Killed an ogre
  2492 | D:3      | Reached XP level 5. HP: 28/28 MP: 3/14
  2569 | D:3      | Learned a level 5 spell: Iskenderun's Battlesphere
  2690 | D:4      | Reached skill level 7 in Conjurations
  2690 | D:4      | Reached skill level 1 in Charms
  2734 | D:4      | Reached skill level 5 in Spellcasting
  3040 | D:4      | Reached XP level 6. HP: 32/32 MP: 9/15
  3522 | D:5      | Entered Level 5 of the Dungeon
  3598 | D:5      | Slain by an orc

Skill      XL: |  1  2  3  4  5  6 |
---------------+-------------------+-----
Conjurations   | 5 6 7 |  7.4
Spellcasting   | 4 5 |  5.3
Charms         | 1 2 |  2.4
Dodging        | |  2.4
Stealth        | |  2.4

Action                   |  1- 3 |  4- 6 || total
-------------------------+-------+-------++-------
Melee: Short sword       |       |     4 ||     4
 Cast: Magic Dart        |    86 |   110 ||   196
       Dazzling Spray    |       |     2 ||     2
  Eat: Chunk             |     3 |     3 ||     6
       Meat ration       |       |     1 ||     1
Armor: Robe              |     1 |     2 ||     3
Dodge: Dodged            |     3 |     8 ||    11
